 Dungeon Crawl Stone Soup version 0.27-a0-1188-g73eefd5def (webtiles) character file.

Game seed: 13782254221763341907

2065 Lemonice the Spear-Bearer (level 9, -7/71 HPs)
             Began as a Merfolk Gladiator on May 22, 2021.
             Was a Follower of Makhleb.
             Splashed by an orc wizard's acid (12 damage)
             ... on level 7 of the Dungeon.
             The game lasted 00:11:28 (8622 turns).

Lemonice the Spear-Bearer (Merfolk Gladiator)       Turns: 8622, Time: 00:11:28

Health: -7/71      AC: -2    Str: 16    XL:     9   Next: 26%
Magic:  11/11      EV: 16    Int:  8    God:    Makhleb [*.....]
Gold:   418        SH:  5    Dex: 16    Spells: 8/8 levels left

rFire    . . .     SeeInvis .   a - +0 trident
rCold    . . .     Faith    .   (no shield)
rNeg     . . .     Spirit   .   b - +0 leather armour
rPois    .         Reflect  +   c - +0 helmet
rElec    .         Harm     .   (no cloak)
rCorr    .         Rampage  .   e - +0 pair of gloves
Will     .....                  (no boots)
Stlth    +.........             f - amulet of reflection
HPRegen  0.21/turn              (no ring)
MPRegen  0.12/turn              (no ring)

@: corroded
A: (nimble swimmer 2), mertail
a: Renounce Religion


You were on level 7 of the Dungeon.
You worshipped Makhleb.
Makhleb was aware of your devotion.
You visited 1 branch of the dungeon, and saw 7 of its levels.

You collected 418 gold pieces.

Inventory:

Hand Weapons
 a - a +0 trident (weapon)
Missiles
 d - 3 throwing nets (quivered)
 o - 8 atropa-tipped darts
Armour
 b - a +0 leather armour (worn)
 c - a +0 helmet (worn)
 e - a +0 pair of gloves (worn)
Jewellery
 f - an amulet of reflection (around neck)
 m - a ring of flight
 v - a +6 ring of intelligence
Wands
 i - a wand of flame (24)
 y - a wand of acid (3)
 D - a wand of mindburst (9)
Scrolls
 g - a scroll of immolation {unknown}
 h - a scroll of vulnerability {unknown}
 j - 8 scrolls of identify {unknown}
 l - 2 scrolls of enchant weapon {unknown}
 n - a scroll of brand weapon {unknown}
 p - 2 scrolls of teleportation {unknown}
 r - 3 scrolls of amnesia {unknown}
 s - a scroll of torment {unknown}
 t - a scroll of fog {unknown}
 u - a scroll of holy word {unknown}
 w - 2 scrolls of enchant armour {unknown}
 x - a scroll of blinking {unknown}
 z - 3 scrolls of magic mapping {unknown}
 A - a scroll of acquirement {unknown}
 B - a scroll of summoning {unknown}
 C - a scroll of noise {unknown}
Potions
 k - 4 potions of brilliance
 q - 3 potions of curing
 E - a potion of attraction
 F - a potion of might {unknown}


   Skills:
 + Level 6.6 Fighting
 + Level 9.3 Polearms
 - Level 2.0 Throwing
 + Level 4.1 Armour
 + Level 8.5 Dodging
 + Level 3.2 Invocations


You had 8 spell levels left.
You didn't know any spells.
Your spell library contained the following spells:

 Spells                   Type           Power      Damage    Failure   Level
 Corona                   Hex            0%         N/A       45%         1
 Ensorcelled Hibernation  Hex/Ice        0%         N/A       61%         2
 Confusing Touch          Hex            0%         N/A       83%         3
 Dazzling Flash           Conj/Hex       0%         N/A       83%         3
 Tukima's Dance           Hex            0%         N/A       83%         3


Dungeon Overview and Level Annotations

Branches:
Dungeon (7/15)             Temple (0/1) D:6

Altars:
Makhleb


Innate Abilities, Weirdness & Mutations

((You are quick and stealthy near water. (Stealth+, EV+, Speed+++)))
Your lower body shifts to a powerful aquatic tail in water.


Message History

You kill the orc wizard!
Makhleb accepts your kill. You block the orc's attack.
Items here: ))) [[[ ††.
You hit the orc.
The orc is almost dead.
The orc misses you.
You hit the orc.
You kill the orc!
Makhleb accepts your kill.
You feel better.
Items here: ( ))))) [ †.
Items here: ( ))))) [ †.
Items here: ))) [[[ ††.
HP restored.
Items here: ( ))))) [ †.
You see here a +3 dagger.
r - 3 scrolls labelled ICAGHE YVEAQOEHO (gained 1)
An orc and an orc wizard come into view.
The orc wizard is wielding a +0 dagger and carrying a wand of acid (8).
The orc wizard shouts!
The orc shouts!
An orc comes into view. It is wielding a +0 hand axe.
The orc shouts!
You hear a shout!
An orc wizard comes into view. It is wielding a +3 dagger.
The orc wizard zaps a wand.
The bolt of acid hits you! The acid corrodes you!
You are splashed with acid!
You block the orc's attack.
You hit the orc wizard.
The orc wizard is lightly wounded.
The orc wizard closely misses you. The orc completely misses you.
You closely miss the orc wizard.
The orc wizard is lightly wounded.
The orc wizard zaps a wand.
The bolt of acid hits you!! The acid corrodes you!
You are splashed with acid!
* * * LOW HITPOINT WARNING * * *
The orc misses you.
The orc wizard zaps a wand.
The bolt of acid misses you.
The orc wizard zaps a wand.
The bolt of acid hits you!!
* * * LOW HITPOINT WARNING * * *
The acid corrodes you!
You are splashed with acid!
You die...

#.# ..... .# #.# #######
..#.. .# #.# #...>.####..#
.##.### #.# #.....##....#
...... #.#
#.....)...#.####o.... #.#
#.....##....#...o....
##.#####.....####..#.#######
#..<))....(....##..#o#
#..#####...@...##.o..#
#..#####.####..##.####
#...............o.#
#..##.##.####..####
#.....##.......#
##.......####### #.#####.#
#.......# #########


You could see an orc wizard.

Vanquished Creatures
  Sigmund (D:3)
  A wraith (D:5)
  A wyvern (D:6)
  A steam dragon (D:6)
  An orc warrior (D:6)
  3 black bears
  3 phantoms
  2 scorpions
  A bullfrog (D:3)
  A water moccasin skeleton (D:6)
  A centaur zombie (D:4)
  A gnoll shaman (D:6)
  A bullfrog zombie (D:5)
  2 hounds
  2 orc priests (D:7)
  Jessica (D:2)
  2 iguanas
  Natasha (thrice) (D:4)
  3 orc wizards (D:7)
  A killer bee zombie (D:6)
  11 gnolls
  3 adders
  An adder skeleton (D:4)
  2 worms (D:2)
  3 dart slugs
  6 orcs
  3 endoplasms (D:3)
  2 giant cockroaches
  6 goblins
  6 hobgoblins
  17 jackals
  A quokka (D:2)
  5 ball pythons
  5 bats
  8 frilled lizards
  8 kobolds
  8 rats
127 creatures vanquished.

Vanquished Creatures (others)
  A fungus (D:1)
1 creature vanquished.

Grand Total: 128 creatures vanquished

Notes
Turn   | Place    | Note
-------+----------+-------------------------------------------
     0 | D:1      | Lemonice the Merfolk Gladiator began the quest for the Orb.
     0 | D:1      | Reached XP level 1. HP: 16/16 MP: 1/1
   244 | D:1      | Reached XP level 2. HP: 16/23 MP: 2/2
   682 | D:1      | Reached XP level 3. HP: 23/28 MP: 3/3
   956 | D:1      | Reached skill level 5 in Polearms
  1164 | D:2      | Reached skill level 1 in Armour
  1200 | D:1      | Reached XP level 4. HP: 18/35 MP: 4/4
  1587 | D:2      | Noticed Jessica
  1589 | D:2      | Reached skill level 5 in Dodging
  1598 | D:2      | Killed Jessica
  1599 | D:2      | Reached XP level 5. HP: 41/41 MP: 5/5
  2674 | D:3      | Noticed Sigmund
  2765 | D:3      | Killed Sigmund
  2766 | D:3      | Reached skill level 6 in Polearms
  2766 | D:3      | Reached XP level 6. HP: 24/48 MP: 6/6
  3271 | D:4      | Noticed a black bear
  3440 | D:4      | Killed a black bear
  3441 | D:4      | Reached XP level 7. HP: 17/55 MP: 7/7
  3700 | D:4      | Noticed Natasha
  3706 | D:4      | Killed Natasha
  3922 | D:4      | Reached skill level 7 in Polearms
  3961 | D:4      | Noticed Natasha
  3968 | D:4      | Killed Natasha
  4157 | D:4      | Noticed Natasha
  4174 | D:4      | Killed Natasha
  4388 | D:4      | Found a burning altar of Makhleb.
  4437 | D:4      | Became a worshipper of Makhleb the Destroyer
  4873 | D:5      | Entered Level 5 of the Dungeon
  4978 | D:5      | Reached skill level 5 in Fighting
  5087 | D:5      | Reached XP level 8. HP: 16/62 MP: 8/8
  5819 | D:5      | Reached skill level 8 in Polearms
  6533 | D:5      | Noticed a wraith
  6555 | D:5      | Killed a wraith
  6556 | D:5      | Reached skill level 1 in Invocations
  7144 | D:6      | Reached * piety under Makhleb
  7242 | D:6      | Reached XP level 9. HP: 66/69 MP: 10/10
  7338 | D:6      | Found a staircase to the Ecumenical Temple.
  7433 | D:6      | Reached skill level 9 in Polearms
  8622 | D:7      | Splashed by an orc wizard's acid

Illustrated notes

Levels and vault maps discovered:
D:1:      tarquinn_simple_flora_water_f, layout_rooms, minmay_misc_feat_pillars,
          minmay_vboxes
D:2:      layout_basic, uniq_jessica
D:3:      layout_loops_ring, uniq_sigmund
D:4:      layout_basic, amcnicky_altar_gilded, uniq_natasha
D:5:      layout_basic, corexii_shack
D:6:      layout_basic, minmay_temple_entry_poolview
D:7:      layout_loops_cross

Skill      XL: |  1  2  3  4  5  6  7  8  9 |
---------------+----------------------------+-----
Polearms       | 5 6 7 8 9 |  9.3
Armour         | 1 2 3 4 |  4.1
Fighting       | 3 4 5 6 |  6.6
Dodging        | 5 6 8 |  8.5
Invocations    | 2 3 |  3.2
Throwing       | |  2.0

Action                   |  1- 3 |  4- 6 |  7- 9 || total
-------------------------+-------+-------+-------++-------
Melee: Trident           |   158 |   156 |   387 ||   701
Evoke: Wand              |       |       |     3 ||     3
  Use: Potion            |       |     5 |     2 ||     7
 Stab: Sleeping          |     1 |     2 |     1 ||     4
Armor: Leather armour    |    61 |    32 |    45 ||   138
       Skin              |       |     6 |       ||     6
Dodge: Dodged            |   166 |    84 |   208 ||   458
Block: Other             |    52 |    29 |    69 ||   150
       Reflection        |     1 |       |       ||     1

Table legend: (Time is in decaauts)
 A = Elapsed time spent in this place.
 B = Non-inter-level travel time spent in this place.
 C = Inter-level travel time spent in this place.
 D = Time resting spent in this place.
 E = Time spent auto-exploring this place.
 F = Levels seen in this place.
 G = Mean time per level.
                   A        B        C        D        E       F      G
               +--------+--------+--------+--------+--------+-----+--------+
         Total |   8601 |   8441 |    160 |      0 |   7189 |   7 | 1228.7 |
       Dungeon |   8601 |   8441 |    160 |      0 |   7189 |   7 | 1228.7 |
               +--------+--------+--------+--------+--------+-----+--------+

Top non-repeatable levels by time:
     D:4: 1818 daAuts
     D:6: 1639 daAuts
     D:5: 1493 daAuts
     D:1: 1202 daAuts
     D:2: 1146 daAuts
     D:3: 976 daAuts
     D:7: 323 daAuts
